 Dungeon Crawl Stone Soup version 0.22-a0-515-g75794bf (webtiles) character file.

11679 iamserjio the Covert (level 11, 0/78 HPs)
             Began as an Octopode Assassin on June 19, 2018.
             Was an Initiate of Gozag.
             Killed from afar by a rime drake (27 damage)
             ... with a flash freeze
             ... on level 12 of the Dungeon.
             The game lasted 00:44:51 (16270 turns).

iamserjio the Covert (Octopode Assassin)           Turns: 16270, Time: 00:44:51

Health: 0/78       AC:  1    Str: 13    XL:     11   Next: 81%
Magic:  20/20      EV: 18    Int: 14    God:    Gozag
Gold:   2229       SH:  0    Dex: 14    Spells: 10/10 levels left

rFire    + . .     SeeInvis .   O - +7 long sword of Devotion {vamp, -Tele rPois rF+ MR+}
rCold    . . .     Gourm    .   (no shield)
rNeg     . . .     Faith    .   (helmet restricted)
rPois    +         Spirit   .   N - amulet of the acrobat
rElec    .         Reflect  .   w - ring of protection from magic
rCorr    .         Harm     .   e - ring of magical power
MR       ++...     NoTele   +   (no ring)
Stlth    ++++++....             (no ring)
HPRegen  0.23/turn              (no ring)
MPRegen  0.17/turn              (no ring)
                                (no ring)
                                (no ring)

@: gold aura
A: almost no armour, stealthy swim, amphibious, 8 rings, constrict 8, camouflage
1, gelatinous body 1
a: Potion Petition, Call Merchant, Bribe Branch, Renounce Religion


You were on level 12 of the Dungeon.
You worshipped Gozag.
Gozag was most pleased with you.
You were very hungry.

You visited 2 branches of the dungeon, and saw 13 of its levels.
You also visited: Sewer.

You collected 2276 gold pieces.
You paid 47 gold pieces to Gozag.

Inventory:

Hand Weapons
 b - a +0 blowgun
 p - a +2 dagger of draining
 u - a +3 quarterstaff of chaos
 H - a +0 long sword
 O - the +7 long sword of Devotion (weapon) {vamp, -Tele rPois rF+ MR+}
   (You found it on level 7 of the Dungeon)

   It inflicts no extra harm, but heals its wielder when it wounds a living foe.
   It protects you from fire.
   It protects you from poison.
   It affects your resistance to hostile enchantments.
   It prevents most forms of teleportation.
 Z - a +2 dagger of speed
Missiles
 c - 52 poisoned needles
 d - 9 curare-tipped needles {!f}
 h - 307 stones (quivered)
 l - 223 arrows
Jewellery
 e - a ring of magical power (right tentacle)
 q - an uncursed amulet of the gourmand
 w - a ring of protection from magic (left tentacle)
 N - an amulet of the acrobat (around mantle)
Wands
 y - a wand of digging (14)
 A - a wand of enslavement (11)
 G - a wand of scattershot (6)
 Q - a wand of flame (23)
 T - a wand of iceblast (7)
Scrolls
 a - a scroll of blinking {unknown}
 n - 4 scrolls of enchant armour
 r - 3 scrolls of fog
 s - 4 scrolls of enchant weapon
 B - a scroll of magic mapping
 F - 2 scrolls of remove curse {@r2}
 K - 3 scrolls of teleportation
 L - 2 scrolls of immolation
 U - a scroll of fear
 X - a scroll of torment
 Y - a scroll of vulnerability {unknown}
Potions
 i - a potion of berserk rage
 m - a potion of mutation {unknown}
 o - 2 potions of might
 t - a potion of invisibility
 v - 2 potions of flight
 x - 4 potions of agility
 z - 12 potions of curing {@q1}
 C - a potion of resistance
 D - 2 potions of brilliance
 I - 2 potions of magic
 J - 6 potions of heal wounds
 M - 3 potions of ambrosia
 P - a potion of haste {unknown}
 R - a potion of cancellation {unknown}
 S - a potion of lignification
Miscellaneous
 g - a phial of floods (inert)
Comestibles
 f - 15 rations


   Skills:
 + Level 8.8 Fighting
 - Level 5.8(8.9) Short Blades
 * Level 10.4(11.0) Long Blades
 - Level 2.0 Throwing
 + Level 8.4 Dodging
 - Level 12.0 Stealth


You had 10 spell levels left.
You didn't know any spells.
Your spell library was empty.

Dungeon Overview and Level Annotations

Branches:
Dungeon (12/15)            Temple (1/1) D:7            Lair (0/6) D:11
    Orc (0/2) D:11

Altars:
Ashenzari
Cheibriados
Gozag
Hepliaklqana
Kikubaaqudgha
Makhleb
Okawaru
Ru
Sif Muna
Vehumet
Xom
Zin

Portals:
Ice
Cave: D:12

Annotations:
D:11 exclusion: obsidian statue


Innate Abilities, Weirdness & Mutations

You cannot wear most types of armour.
You are very stealthy in the water. (Stealth+)
You are amphibious.
You can wear up to eight rings at the same time.
You can use your tentacles to constrict eight enemies at once.
Your skin changes colour to match your surroundings (Stealth+).
Your rubbery body absorbs attacks. (AC +1, EV +1)


Message History

You closely miss the rime drake. You squeeze the rime drake!
The rime drake is severely wounded.
The rime drake bites you.
You closely miss the rime drake.
The rime drake is severely wounded.
The ice encasing you melts away. The rime drake barely misses you.
You hit the rime drake.
You feel better.
You squeeze the rime drake, but do no damage.
The rime drake is almost dead.
The rime drake bites you.
You barely miss the rime drake.
The rime drake is almost dead.
The rime drake bites you but does no damage.
You barely miss the rime drake.
The rime drake is almost dead.
The rime drake breathes ice at you. The flash freeze hits you!
You die...
Your body crumbles into a pile of gold.

* *,* **,** *,***,,**,**,* #.#
*,* *,* *,***,,,...,,* #.# ***,*
*,* *,,,,,**#.#*** #.# ,,,,*
**+** ******* #.# ###.#
*******,,.##** ##.## #...#
**,,,....** ###...# #.### *
**,,≈≈≈≈≈..**##.#.#.# #.#*,
****,,,≈*####..##......######.#..
,,,+,,,≈*∩.....k@$......^........
****,,,≈*.....≈##...#.###........
* **,,≈*...≈#,*##.##.# #.###..#.
**,,*..≈*≈***####.# #........
**,,.,*≈***,,,,..# #..##..##
*,,,≈,** *,***#.# #..###.#*
*******,,*,** *,**,..# #..# *.#*
*,,,,,,,,,,* *,**,#.# #..#**.#*
*,******,*******,,,,,,* #...,,,,,


You could see a rime drake.

Vanquished Creatures
  A tengu warrior (D:12)
  2 two-headed ogres
  4 skeletal warriors
  An unseen horror (D:10)
  Pikel (D:9)
  A rime drake (D:12)
  A tengu conjurer (D:12)
  A hippogriff (Temple)
  A wraith (D:10)
  A shadow (D:11)
  2 hogs (D:7)
  A human (D:7)
  2 wyverns
  A basilisk (D:11)
  2 hungry ghosts
  2 hell hounds (D:11)
  2 ice beasts
  2 phantoms
  2 sky beasts
  4 orc warriors
  3 slaves
  A hornet zombie (D:7)
  2 centaurs
  2 big kobolds (Sewer)
  2 bullfrogs
  A scorpion (D:8)
  14 killer bees
  A howler monkey (D:11)
  4 crimson imps
  A quasit (D:6)
  A centaur zombie (D:12)
  An iron imp (D:6)
  6 orc priests
  A jelly (D:9)
  Crazy Yiuf (D:3)
  4 bullfrog skeletons
  2 centaur skeletons
  3 hounds
  Jessica (D:2)
  3 iguanas
  Natasha (thrice) (D:2)
  14 orc wizards
  4 worker ants
  A hound skeleton (D:4)
  Robin (D:2)
  A howler monkey zombie (D:5)
  A worker ant zombie (D:6)
  4 gnolls
  10 adders
  5 river rats
  A shadow imp (D:1)
  An adder zombie (D:6)
  2 worms
  5 dart slugs
  2 leopard geckos
  49 orcs
  8 bats
  7 giant cockroaches
  12 goblins
  12 hobgoblins
  9 jackals
  23 kobolds
  2 quokkas
  8 ball pythons
  8 frilled lizards
  A giant cockroach zombie (D:4)
  26 rats
308 creatures vanquished.

Vanquished Creatures (collateral kills)
  An ugly thing (D:11)
  A yak (D:7)
2 creatures vanquished.

Vanquished Creatures (others)
  A hog (D:7)
  A centaur skeleton (D:9)
  2 orcs (D:9)
4 creatures vanquished.

Grand Total: 314 creatures vanquished

Notes
Turn   | Place    | Note
-------+----------+-------------------------------------------
     0 | D:1      | iamserjio the Octopode Assassin began the quest for the Orb.
     0 | D:1      | Reached XP level 1. HP: 14/14 MP: 1/1
    74 | D:1      | Reached XP level 2. HP: 19/19 MP: 2/2
   332 | D:1      | Reached XP level 3. HP: 24/25 MP: 3/3
  1189 | D:2      | Reached skill level 6 in Stealth
  1192 | D:2      | Noticed Robin
  1783 | D:1      | Reached XP level 4. HP: 30/30 MP: 4/4
  1806 | D:2      | Noticed Jessica
  2122 | D:2      | Noticed Natasha
  2255 | D:2      | Killed Natasha
  2404 | D:2      | Reached XP level 5. HP: 34/36 MP: 5/5
  2712 | D:2      | Noticed Natasha
  2717 | D:2      | Killed Natasha
  2750 | D:2      | Killed Jessica
  2815 | D:2      | Noticed Natasha
  2826 | D:2      | Killed Natasha
  2922 | D:2      | Reached XP level 6. HP: 42/42 MP: 6/6
  3100 | D:2      | Killed Robin
  3500 | D:3      | Found a deep blue altar of Sif Muna.
  3500 | D:3      | Found a shattered altar of Ashenzari.
  3500 | D:3      | Found a glowing silver altar of Zin.
  3500 | D:3      | Found a radiant altar of Vehumet.
  3523 | D:3      | Found an opulent altar of Gozag.
  3527 | D:3      | Found an ancient bone altar of Kikubaaqudgha.
  3531 | D:3      | Became a worshipper of Gozag Ym Sagoz the Greedy
  3596 | D:3      | Found a runed door.
  3754 | D:3      | Noticed Crazy Yiuf
  3769 | D:3      | Killed Crazy Yiuf
  4228 | D:4      | Reached skill level 7 in Stealth
  4305 | D:4      | Found an opulent altar of Gozag.
  4642 | D:4      | Reached XP level 7. HP: 35/47 MP: 7/7
  4843 | D:4      | Found a hazy altar of Hepliaklqana.
  4868 | D:4      | Found a shimmering altar of Xom.
  4868 | D:4      | Found a burning altar of Makhleb.
  5023 | D:5      | Entered Level 5 of the Dungeon
  5087 | D:5      | Found a burning altar of Makhleb.
  5253 | D:5      | Reached skill level 5 in Short Blades
  7252 | D:6      | Found a glowing drain.
  7260 | Sewer    | Entered a sewer
  7389 | Sewer    | Reached skill level 8 in Stealth
  7389 | Sewer    | Reached XP level 8. HP: 50/54 MP: 8/8
  7795 | Sewer    | Reached skill level 1 in Long Blades
  8400 | D:6      | Reached skill level 5 in Fighting
  8650 | D:6      | Found a snail-covered altar of Cheibriados.
  8818 | D:5      | HP: 3/82 [ice beast (7)]
  9092 | D:5      | Reached skill level 5 in Dodging
  9248 | D:7      | Reached XP level 9. HP: 57/61 MP: 9/9
  9516 | D:7      | Got an ichor-stained long sword
  9596 | D:7      | Reached skill level 5 in Long Blades
  9596 | D:7      | Reached skill level 9 in Stealth
 10035 | D:7      | Found a staircase to the Ecumenical Temple.
 10048 | Temple   | Entered the Ecumenical Temple
 11245 | D:8      | Noticed a two-headed ogre
 11265 | D:8      | Killed a two-headed ogre
 11265 | D:8      | Reached skill level 10 in Stealth
 11265 | D:8      | Reached XP level 10. HP: 48/69 MP: 10/10
 11990 | D:8      | Identified the +7 long sword of Devotion {vamp, -Tele rPois rF+ MR+} (You found it on level 7 of the Dungeon)
 11993 | D:9      | Noticed Pikel
 12231 | D:9      | Found an iron altar of Okawaru.
 12284 | D:9      | Killed Pikel
 12702 | D:9      | Noticed a two-headed ogre
 12713 | D:9      | Killed a two-headed ogre
 12990 | D:10     | Entered Level 10 of the Dungeon
 13055 | D:10     | Killed an unseen horror
 13055 | D:10     | Reached skill level 11 in Stealth
 14162 | D:11     | Noticed a skeletal warrior
 14164 | D:11     | Noticed a skeletal warrior
 14170 | D:11     | Noticed a skeletal warrior
 14173 | D:11     | Noticed a skeletal warrior
 14183 | D:10     | Killed a skeletal warrior
 14183 | D:10     | Reached XP level 11. HP: 39/77 MP: 11/11
 14378 | D:11     | Found a sacrificial altar of Ru.
 14412 | D:11     | Found a staircase to the Lair.
 14458 | D:10     | Killed a skeletal warrior
 14697 | D:11     | Noticed a skeletal warrior
 14710 | D:11     | Killed a skeletal warrior
 14809 | D:11     | Killed a skeletal warrior
 15226 | D:11     | Found a staircase to the Orcish Mines.
 15462 | D:11     | Noticed an obsidian statue
 15630 | D:11     | Reached skill level 12 in Stealth
 15657 | D:11     | Noticed a green ugly thing
 15794 | D:11     | Killed a green ugly thing
 15794 | D:11     | Reached skill level 10 in Long Blades
 16102 | D:12     | Noticed a tengu warrior
 16113 | D:12     | Killed a tengu warrior
 16242 | D:12     | Found a frozen archway.
 16270 | D:12     | Killed from afar by a rime drake

Vault maps used:
D:1:      dpeg_arrival_shelter, minmay_misc_feat_cross
D:2:      uniq_natasha, uniq_robin, uniq_jessica
D:3:      minmay_overflow_temple_hex, corexii_corridor_pit,
          uniq_crazy_yiuf_cottage
D:4:      grunt_temple_overflow_champion_of_chaos, lemuel_doored_altar,
          nicolae_gozag_seed_capital
D:5:      first_ration, basic_altar
D:6:      slow_altar_1, portal_sewer_entry_b, kennysheep_generic_room_13
D:7:      temple_fountains, grunt_livestock
D:8:      hex_tiny
D:9:      basic_altar, uniq_pikel
D:11:     minmay_lair_entry_lava, hiddenorc2_lemuel, basic_altar,
          minmay_misc_feat_pillars, minmay_protected_statue
D:12:     gammafunk_ghost_necromancy, portal_ice_cave_rime, uniq_nergalle
Temple:   minmay_temple_forest_path
Sewer:    sewer_minmay_treatment

Skill      XL: |  1  2  3  4  5  6  7  8  9 10 11 |
---------------+----------------------------------+-----
Dodging        | 2 3 4 5 6 7 8 |  8.4
Stealth        | 6 7 8 10 11 12 | 12.0
Fighting       | 3 4 5 6 7 8 |  8.8
Short Blades   | 3 4 5 |  5.8
Long Blades    | 4 7 8 10 | 10.4
Throwing       | |  2.0

Action                   |  1- 3 |  4- 6 |  7- 9 | 10-12 || total
-------------------------+-------+-------+-------+-------++-------
Melee: Dagger            |    78 |   117 |   321 |    17 ||   533
       Constrict         |    19 |    26 |    54 |    55 ||   154
       Tentacles         |    13 |    29 |    62 |    69 ||   173
       Long sword        |       |       |    25 |   223 ||   248
 Fire: Blowgun           |       |       |    20 |       ||    20
Throw: Stone             |     2 |     1 |     2 |    12 ||    17
Invok: Potion Petition   |       |       |     1 |       ||     1
Evoke: Wand              |       |       |    11 |    16 ||    27
       Phial of floods   |       |       |       |     1 ||     1
  Use: Scroll            |       |     8 |     3 |    12 ||    23
       Potion            |       |     1 |     1 |     2 ||     4
 Stab: Sleeping          |    11 |    11 |    22 |    13 ||    57
       Distracted        |       |     1 |     5 |     1 ||     7
  Eat: Chunk             |     3 |    19 |       |     3 ||    25
       Ration            |       |       |     4 |     6 ||    10
Armor: Skin              |    10 |     3 |    28 |     4 ||    45
Dodge: Dodged            |    42 |    44 |   190 |   163 ||   439
       Rpst.: Long sword |       |       |     1 |    42 ||    43

Table legend:
 A = Spawn XP
 B = Non-spawn XP
 C = Spawn XP percentage of total XP
 D = Spawn monster count
 E = Non-spawn monster count
 F = Spawn count percentage of total count
 G = Total turns spent on level
                    A         B        C        D         E        F      G
               +---------+---------+-------+---------+---------+-------+---------
         Total |       0 |   16685 |   0.0 |       0 |     307 |   0.0 | 16270
               +---------+---------+-------+---------+---------+-------+---------
           D:1 |       0 |      85 |   0.0 |       0 |      34 |   0.0 |  1806
           D:2 |       0 |     265 |   0.0 |       0 |      40 |   0.0 |  1384
           D:3 |       0 |     135 |   0.0 |       0 |      14 |   0.0 |   995
           D:4 |       0 |     205 |   0.0 |       0 |      11 |   0.0 |  1917
           D:5 |       0 |     749 |   0.0 |       0 |      17 |   0.0 |  1559
           D:6 |       0 |     418 |   0.0 |       0 |      21 |   0.0 |   664
           D:7 |       0 |    1715 |   0.0 |       0 |      21 |   0.0 |  1509
           D:8 |       0 |    1200 |   0.0 |       0 |      10 |   0.0 |  1098
           D:9 |       0 |    2179 |   0.0 |       0 |      20 |   0.0 |   899
          D:10 |       0 |    2871 |   0.0 |       0 |      12 |   0.0 |  1584
          D:11 |       0 |    4604 |   0.0 |       0 |      54 |   0.0 |  1526
          D:12 |       0 |    1684 |   0.0 |       0 |       4 |   0.0 |   170
        Temple |       0 |     232 |   0.0 |       0 |       1 |   0.0 |   238
         Sewer |       0 |     343 |   0.0 |       0 |      48 |   0.0 |   921
               +---------+---------+-------+---------+---------+-------+---------
